 Dungeon Crawl Stone Soup version 0.16.1-18-g436b03c (webtiles) character file.

350 EmilioHeskey the Skirmisher (level 6, -5/56 HPs)
             Began as a Hill Orc Fighter on May 4, 2015.
             Slain by an ice beast (14 damage)
             ... on level 5 of the Dungeon.
             The game lasted 00:06:27 (2965 turns).

EmilioHeskey the Skirmisher (Hill Orc Fighter)      Turns: 2965, Time: 00:06:27

Health: -5/56      AC:  7    Str: 19    XL:     6   Next: 61%
Magic:  6/6        EV:  7    Int:  8    God:
Gold:   151        SH: 10    Dex: 12    Spells: 0 memorised, 5 levels left

rFire  . . .     SeeInvis .     a - +0 war axe
rCold  . . .     Clarity  .     b - +0 scale mail
rNeg   . . .     SustAb   .     c - +0 shield
rPois  .         Gourm    .     (no helmet)
rElec  .         Spirit   .     (no cloak)
rCorr  .         Warding  .     (no gloves)
rMut   .         Stasis   .     (no boots)
MR     .....                    (no amulet)
Stlth  ..........               (no ring)
                                (no ring)

@: not resistant to hostile enchantments, extremely unstealthy
A: no striking features
a: no special abilities


You were on level 5 of the Dungeon.
You were hungry.

You visited 1 branch of the dungeon, and saw 5 of its levels.

You collected 151 gold pieces.

Inventory:

Hand weapons
 a - a +0 war axe (weapon)
Armour
 b - a +0 scale mail (worn)
 c - a +0 shield (worn)
 o - a +0 pair of gloves
Jewellery
 x - an uncursed ring of positive energy {unknown}
Magical devices
 d - a wand of magic darts (4)
 C - a wand of draining (3)
 D - a wand of paralysis (13)
Scrolls
 f - 7 scrolls of identify {unknown}
 h - 2 scrolls of amnesia {unknown}
 m - 2 scrolls of enchant weapon {unknown}
 p - 2 scrolls of remove curse {unknown}
 r - 2 scrolls of magic mapping {unknown}
 s - 2 scrolls of fog {unknown}
 t - a scroll of noise {unknown}
 u - a scroll of enchant armour {unknown}
 w - a scroll of random uselessness {unknown}
 y - 2 scrolls of immolation {unknown}
 A - 2 scrolls of teleportation {unknown}
Potions
 e - 2 potions of might
 g - a potion of experience {unknown}
 j - a potion of resistance {unknown}
 k - 3 potions of heal wounds {unknown}
 l - a potion of curing {unknown}
 n - 3 potions of lignification {unknown}
 v - 2 potions of poison {unknown}
 z - a potion of ambrosia {unknown}
 E - a potion of mutation {unknown}
 F - 2 potions of brilliance {unknown}
Comestibles
 i - a slice of pizza
 q - 5 bread rations
 B - a royal jelly


   Skills:
 + Level 5.3 Fighting
 + Level 4.8 Axes
 + Level 4.8 Armour
 + Level 5.0 Shields


You had 5 spell levels left.
You didn't know any spells.

Dungeon Overview and Level Annotations

Branches:
Dungeon (5/15)             Temple (0/1) D:4

Altars:

Shops:
D:4 [


Message History

The ice beast is almost dead.
The ice beast hits you. The ice beast freezes you!
You closely miss the ice beast.
The ice beast is almost dead.
The ice beast hits you. The ice beast freezes you!
* * * LOW HITPOINT WARNING * * *
You are too injured to fight recklessly!
You are too injured to fight recklessly!
You are too injured to fight recklessly!
You are too injured to fight recklessly!
An ice beast is nearby!
An ice beast is nearby!
You are too injured to fight recklessly!
You are too injured to fight recklessly!
You hit the ice beast but do no damage.
The ice beast is almost dead.
The ice beast hits you.
* * * LOW HITPOINT WARNING * * *
The ice beast freezes you!
You die...

#.# #.# #.# # ..# .#
#.##. #... . #.. ...
#Y# #.# #@#### #.#
#.##.. >.# #
#########.##.# #.# .#
#.........##.# #.##.##
..........##.#
#.#...##
#.#######>##.#
#.<....#
.#######.##.###.....[#
...............#.>...#
########.##.##.##....#


You could see an ice beast.

Vanquished Creatures
  A phantom (D:4)
  An orc wizard (D:4)
  2 worker ants (D:4)
  4 adders
  3 gnolls (D:2)
  5 worms
  An adder skeleton (D:4)
  3 giant geckos
  An ooze (D:3)
  10 orcs
  A bat skeleton (D:4)
  4 giant cockroaches
  8 goblins
  11 hobgoblins
  6 kobolds
  15 bats
  2 giant newts
  3 quokkas (D:3)
  9 rats
90 creatures vanquished.

Notes
Turn   | Place    | Note
--------------------------------------------------------------
     0 | D:1      | EmilioHeskey, the Hill Orc Fighter, began the quest for the Orb.
     0 | D:1      | Reached XP level 1. HP: 19/19 MP: 1/1
   174 | D:1      | Reached XP level 2. HP: 18/27 MP: 2/2
   392 | D:1      | Reached skill level 4 in Fighting
   564 | D:1      | Reached XP level 3. HP: 33/33 MP: 3/3
  1037 | D:2      | Reached XP level 4. HP: 29/40 MP: 4/4
  1588 | D:3      | Reached XP level 5. HP: 25/47 MP: 5/5
  2047 | D:4      | Reached skill level 5 in Fighting
  2092 | D:4      | Noticed a phantom
  2124 | D:4      | Killed a phantom
  2124 | D:4      | Reached XP level 6. HP: 25/56 MP: 6/6
  2247 | D:4      | Found Schul's Armour Shop.
  2316 | D:4      | Found a staircase to the Ecumenical Temple.
  2755 | D:4      | Reached skill level 5 in Shields
  2931 | D:5      | Entered Level 5 of the Dungeon
  2965 | D:5      | Slain by an ice beast

Action                   |  1- 3 |  4- 6 || total
-------------------------+-------+-------++-------
Melee: War axe           |   118 |   237 ||   355
  Eat: Meat ration       |       |     1 ||     1
       Beef jerky        |       |     1 ||     1
